 Dungeon Crawl Stone Soup version 0.27-a0-808-g60bc5d92e6 (webtiles) character file.

Game seed: 3860365353861274155

489 rageheart7 the Skirmisher (level 6, -2/53 HPs)
             Began as a Demonspawn Wanderer on Mar 28, 2021.
             Killed by nerve-wracking pain
             ... invoked by an orc priest
              (7 damage)
             ... on level 4 of the Dungeon.
             The game lasted 00:06:21 (4574 turns).

rageheart7 the Skirmisher (Demonspawn Wanderer)     Turns: 4574, Time: 00:06:22

Health: -2/53      AC:  9    Str: 12    XL:     6   Next: 90%
Magic:  0/6        EV:  8    Int: 14    God:
Gold:   77         SH:  0    Dex: 18    Spells: 5/5 levels left

rFire    + . .     SeeInvis +   a - +0 spear
rCold    . . .     Faith    .   (no shield)
rNeg     . . .     Spirit   +   b - +3 scale mail
rPois    .         Reflect  .   (no helmet)
rElec    .         Harm     .   (no cloak)
rCorr    .         Rampage  .   (no gloves)
Will     .....                  (no boots)
Stlth    +.........             f - amulet of guardian spirit
HPRegen  0.17/turn              o - ring of protection from fire
MPRegen  0.10/turn              q - ring of see invisible

@: attractive
A: talons 2, ignite blood 2, claws 1, agile 2
a: no special abilities


You were on level 4 of the Dungeon.
You visited 1 branch of the dungeon, and saw 4 of its levels.
You also visited: Ossuary.

You collected 77 gold pieces.

Inventory:

Hand Weapons
 a - a +0 spear (weapon)
Armour
 b - a +3 scale mail (worn)
Jewellery
 f - an amulet of guardian spirit (around neck)
 o - a ring of protection from fire (left claw)
 q - a ring of see invisible (right claw)
Scrolls
 c - a scroll of enchant armour
 e - a scroll of silence {unknown}
 h - 3 scrolls of immolation
 k - a scroll of amnesia {unknown}
 m - 5 scrolls of teleportation
 n - a scroll of identify
 s - a scroll of brand weapon {unknown}
Potions
 d - 2 potions of mutation
 g - a potion of curing
 i - 3 potions of heal wounds
 j - a potion of resistance
 l - a potion of flight
 p - a potion of ambrosia {unknown}
 r - a potion of attraction
 t - a potion of magic


   Skills:
 * Level 6.5 Fighting
 - Level 1.0 Maces & Flails
 * Level 4.6 Polearms
 - Level 1.0 Armour
 - Level 1.7 Stealth
 - Level 1.0 Evocations


You had 5 spell levels left.
You didn't know any spells.
Your spell library contained the following spells:

 Spells                   Type           Power      Damage    Failure   Level
 Magic Dart               Conj           0%         1d3       83%         1
 Blink                    Tloc           N/A        N/A       93%         2
 Call Imp                 Summ           0%         N/A       93%         2
 Slow                     Hex            0%         N/A       93%         2
 Conjure Flame            Conj/Fire      0%         6-21      99%         3
 Mephitic Cloud           Conj/Pois/Air  0%         N/A       99%         3


Dungeon Overview and Level Annotations

Branches:
Dungeon (4/15)            Ossuary (visited)
 Temple: D:4-7

Altars:
Okawaru
Trog
Xom
Yredelemnul
Zin


Innate Abilities, Weirdness & Mutations

You have razor-sharp toenails.
Your demonic aura often causes spilled blood to erupt in flames You have sharp fingernails.
You are very agile. (Dex +4)


Message History

You closely miss the orc priest. You claw the orc priest.
The orc priest is heavily wounded.
The orc hits you with a +0 club. The orc priest closely misses you.
You closely miss the orc priest. Your kick misses the orc priest.
The orc priest is heavily wounded.
The orc hits you with a +0 club.
The orc priest hits you with a +0 war axe.
You hit the orc priest but do no damage.
The orc priest is heavily wounded.
The orc hits you but does no damage. The orc priest closely misses you.
You hit the orc priest.
You claw the orc priest, but do no damage.
The orc priest is heavily wounded.
The orc barely misses you.
You hit the orc priest.
The orc priest is almost dead.
The orc priest hits you with a +0 war axe!
The orc closely misses you.
You hit the orc priest but do no damage.
Your kick misses the orc priest.
The orc priest is almost dead.
The orc priest hits you with a +0 war axe.
You hit the orc priest but do no damage.
Your kick misses the orc priest.
The orc priest is almost dead.
The orc hits you with a +0 club.
The orc priest hits you but does no damage.
You barely miss the orc priest.
The orc priest is almost dead.
The orc hits you with a +0 club.
The orc priest invokes the aid of Beogh against you.
Beogh smites you!
* * * LOW HITPOINT WARNING * * *
You hit the orc priest but do no damage.
Your kick misses the orc priest.
The orc priest is almost dead.
The orc closely misses you.
The orc priest calls down the wrath of Beogh upon you.
Pain shoots through your body!
You die...

....#.......####.......#
..............##......#
...............##..###
...................###
.....................##
...............#......#
..........#....##....##
#..###...##....#oo..###
##. ##.........@..(..#
#..###>.)..#....))...#
#..........##..#....##
...#........##.......#
.. ###..[[..###.......#
. #...#...## ##.#....#
.####...##### ###.#.##
..#...### ##### ..#...#


You could see an orc priest and an orc.

Vanquished Creatures
  A wraith (Ossuary)
  A jelly (D:3)
  A hound (D:4)
  A bullfrog skeleton (D:4)
  An orc priest (D:4)
  2 orc wizards
  A mummy (Ossuary)
  4 adders
  2 adder skeletons (D:4)
  A worm (D:4)
  A dart slug (D:1)
  6 orcs
  3 ball pythons (D:3)
  5 endoplasms
  3 giant cockroaches
  4 goblins
  6 hobgoblins
  6 jackals
  7 kobolds
  4 quokkas
  2 bats
  2 frilled lizards
  5 gnoll skeletons (Ossuary)
  9 kobold skeletons (Ossuary)
  11 orc skeletons (Ossuary)
  2 rats
91 creatures vanquished.

Vanquished Creatures (others)
  An orc wizard (D:3)
1 creature vanquished.

Grand Total: 92 creatures vanquished

Notes
Turn   | Place    | Note
-------+----------+-------------------------------------------
     0 | D:1      | rageheart7 the Demonspawn Wanderer began the quest for the
                  | Orb.
     0 | D:1      | rageheart7 set off with the following items: a +0 spear, a
                  | +2 scale mail, a potion of curing, a +0 dagger
     0 | D:1      | Reached XP level 1. HP: 19/19 MP: 1/1
   408 | D:1      | Gained mutation: Your demonic aura sometimes causes spilled
                  | blood to erupt in flames [demonic ancestry]
   408 | D:1      | Reached XP level 2. HP: 21/25 MP: 2/2
  1595 | D:2      | Gained mutation: You have sharp toenails. [demonic
                  | ancestry]
  1595 | D:2      | Reached XP level 3. HP: 29/31 MP: 3/3
  1628 | D:2      | Found a basalt altar of Yredelemnul.
  1836 | D:2      | Found a shimmering altar of Xom.
  1839 | D:2      | Noticed an angel
  2141 | D:3      | Found an iron altar of Okawaru.
  2162 | D:3      | Reached XP level 4. HP: 31/38 MP: 4/4
  2194 | D:3      | Reached skill level 5 in Fighting
  2444 | D:3      | Found a bloodstained altar of Trog.
  2510 | D:3      | Gained mutation: Your demonic aura often causes spilled
                  | blood to erupt in flames [demonic ancestry]
  2510 | D:3      | Reached XP level 5. HP: 24/44 MP: 3/5
  3298 | D:3      | Gained mutation: You have sharp fingernails. [potion of
                  | mutation]
  3298 | D:3      | Gained mutation: You are agile. (Dex +2) [potion of
                  | mutation]
  3298 | D:3      | Gained mutation: You are very agile. (Dex +4) [potion of
                  | mutation]
  3549 | D:4      | Found a sand-covered staircase.
  3558 | Ossuary  | Entered an ossuary
  3558 | Ossuary  | Noticed a wraith
  3558 | Ossuary  | Noticed a wraith
  3558 | Ossuary  | Noticed a wraith
  4090 | Ossuary  | Noticed a wraith
  4109 | Ossuary  | Killed a wraith
  4110 | Ossuary  | Reached skill level 6 in Fighting
  4110 | Ossuary  | Gained mutation: You have razor-sharp toenails. [demonic
                  | ancestry]
  4110 | Ossuary  | Reached XP level 6. HP: 22/52 MP: 3/6
  4574 | D:4      | Killed from afar by an orc priest

Illustrated notes

Levels and vault maps discovered:
D:1:      dpeg_arrival_another_circle, layout_loops_ring
D:2:      layout_loops_ring, lemuel_doored_altar,
          grunt_temple_overflow_order_and_chaos_1
D:3:      layout_loops_ring, grunt_temple_overflow_open
D:4:      layout_cave_pools, tgw_sif, nemelex_xobeh_ov_fountains_minmay,
          enter_ossuary_1, serial_shops, kennysheep_little_box,
          ebering_ghost_reflecting_pool, kennysheep_pointless_box,
          minmay_misc_feat_tower

Skill      XL: |  1  2  3  4  5 |
---------------+----------------+-----
Polearms       | 2 3 4 |  4.6
Fighting       | 5 6 |  6.5
Maces & Flails | |  1.0
Armour         | |  1.0
Stealth        | |  1.7
Evocations     | |  1.0

Action                   |  1- 3 |  4- 6 || total
-------------------------+-------+-------++-------
Melee: Spear             |   149 |   296 ||   445
       Kick              |     4 |    83 ||    87
  Use: Scroll            |       |    13 ||    13
       Potion            |       |    11 ||    11
Armor: Scale mail        |    61 |   211 ||   272
Dodge: Dodged            |    57 |   151 ||   208

Table legend: (Time is in decaauts)
 A = Elapsed time spent in this place.
 B = Non-inter-level travel time spent in this place.
 C = Inter-level travel time spent in this place.
 D = Time resting spent in this place.
 E = Time spent auto-exploring this place.
 F = Levels seen in this place.
 G = Mean time per level.
                   A        B        C        D        E       F      G
               +--------+--------+--------+--------+--------+-----+--------+
         Total |   4569 |   4439 |    130 |      9 |   3632 |   5 |  913.8 |
       Dungeon |   3714 |   3584 |    130 |      9 |   2899 |   4 |  928.5 |
       Ossuary |    854 |    854 |      0 |      0 |    733 |   1 |  854.0 |
               +--------+--------+--------+--------+--------+-----+--------+

Top non-repeatable levels by time:
     D:1: 1257 daAuts
     D:3: 1172 daAuts
     D:2: 886 daAuts
 Ossuary: 854 daAuts
     D:4: 398 daAuts
